Map: Ruines d’Endion

Players

Moppel

  • Race: Protoss Protoss
  • League: Gold
  • Spawn Location: 7:00

zidar - Winner!

  • Race: Zerg Zerg
  • League: Gold
  • Spawn Location: 5:00

VOD

Have the link to the VOD?

Description

Time

  • Played on: June 13, 2016, 2:52 p.m.
  • Length: 11:59
Show
View Real Time Build Order
Export as new Build Order

Moppel Protoss 

Build Orders: Oracle Opening 

Get SALT Encoding   

  12  0:03  Probe (Chrono Boost)  
  13  0:13  Probe (Chrono Boost)  
  14  0:20  Pylon  
  14  0:24  Probe (Chrono Boost)  
  15  0:38  Probe (Chrono Boost)  
  16  0:42  Gateway  
  16  0:49  Probe (Chrono Boost)  
  17  0:59  Probe (Chrono Boost)  
  18  1:10  Probe (Chrono Boost), Assimilator  
  19  1:11  Assimilator  
  19  1:20  Probe (Chrono Boost)  
  20  1:35  Cybernetics Core  
  20  1:37  Zealot  
  22  1:59  Probe (Chrono Boost)  
  23  2:07  Pylon  
  23  2:25  Zealot  
  23  2:27  Probe (Chrono Boost), Pylon  
  26  2:39  Stargate  
  26  2:43  Stargate  
  26  3:09  Pylon  
  26  3:14  Pylon  
  26  3:15  Nexus  
  26  3:20  Probe (Chrono Boost)  
  27  3:28  Oracle  
  30  3:38  Zealot  
  30  3:39  Oracle  
  35  3:53  Forge  
  35  4:00  Mothership Core (Chrono Boost)  
  37  4:09  Assimilator  
  37  4:28  Void Ray  
  41  4:44  Photon Cannon  
  41  5:16  Probe (Chrono Boost)  
  42  5:21  Void Ray x2  
  42  5:26  Probe (Chrono Boost)  
  51  5:37  Probe x2 (Chrono Boost)  
  53  5:43  Assimilator  
  53  5:48  Probe x2 (Chrono Boost)  
  55  5:58  Probe (Chrono Boost)  
  55  6:03  Stargate  
  56  6:09  Probe (Chrono Boost)  
  57  6:19  Probe (Chrono Boost)  
  57  6:21  Void Ray  
  57  6:22  Void Ray  
  66  6:29  Pylon  
  66  6:30  Probe (Chrono Boost)  
  67  6:40  Probe (Chrono Boost)  
  67  6:44  Pylon  
  68  6:51  Probe (Chrono Boost)  
  69  7:01  Probe (Chrono Boost)  
  70  7:10  Void Ray x2  
  70  7:12  Void Ray, Probe (Chrono Boost)  
  83  7:22  Protoss Air Weapons Level 1 (Chrono Boost), Probe (Chrono Boost)  
  84  7:33  Probe (Chrono Boost)  
  85  7:40  Nexus  
  85  7:43  Probe (Chrono Boost)  
  86  7:45  Pylon  
  86  8:14  Protoss Shields Level 1  
  86  8:26  Void Ray x2  
  94  8:41  Pylon  
  94  8:42  Pylon x2  
  94  8:44  Assimilator  
  94  8:47  Fleet Beacon  
  94  8:49  Assimilator  
  94  8:50  Probe x2  
  94  8:51  Void Ray  
  94  8:52  Probe  
  101  9:13  Probe x2  
  101  9:14  Probe  
  101  9:16  Stargate  
  104  9:18  Stargate  
  104  9:25  Protoss Air Armor Level 1 (Chrono Boost)  
  104  9:34  Tempest  
  108  9:43  Tempest  
  112  10:03  Probe x2  
  112  10:04  Probe  
  112  10:05  Robotics Facility  
  127  10:34  Tempest  
  117  10:43  Carrier (Chrono Boost)  
Show
View Real Time Build Order
Export as new Build Order

zidar Zerg - Winner!

Build Orders: Pool First 

Get SALT Encoding   

  12  0:01  Drone  
  13  0:12  Overlord  
  13  0:18  Drone  
  14  0:31  Drone x2  
  16  0:45  Spawning Pool  
  16  0:47  Drone  
  16  1:13  Hatchery  
  16  1:15  Drone  
  16  1:19  Extractor  
  16  1:24  Drone  
  16  1:28  Drone  
  17  1:40  Queen  
  17  1:45  Overlord  
  20  1:54  Drone  
  21  2:01  Drone x2  
  21  2:10  Drone  
  22  2:19  Queen  
  24  2:27  Metabolic Boost  
  24  2:36  Roach Warren  
  23  2:37  Drone  
  23  2:39  Drone  
  25  2:45  Drone x2  
  25  2:49  Drone  
  28  2:55  Drone x2  
  30  3:04  Extractor  
  29  3:08  Drone  
  30  3:20  Drone x6  
  36  3:40  Evolution Chamber  
  35  3:45  Drone  
  36  4:01  Overlord x2  
  36  4:02  Overlord  
  36  4:14  Spore Crawler  
  36  4:16  Spore Crawler  
  34  4:22  Spore Crawler  
  33  4:26  Lair, Spore Crawler  
  33  4:28  Roach  
  33  4:29  Roach x8  
  50  4:54  Drone x2  
  50  4:58  Roach x3  
  60  5:14  Ravager x2  
  60  5:21  Overlord x3  
  60  5:34  Hydralisk Den  
  59  5:43  Pneumatized Carapace  
  59  5:48  Drone x4  
  59  5:49  Drone x7  
  70  5:57  Zerg Missile Weapons Level 1  
  70  6:04  Muscular Augments  
  70  6:10  Extractor  
  69  6:12  Extractor  
  69  6:13  Drone x2  
  69  6:18  Drone  
  71  6:27  Overseer x2  
  71  6:28  Overseer  
  71  6:30  Hatchery  
  70  6:40  Evolution Chamber  
  69  6:47  Drone x3  
  69  6:52  Hydralisk x2  
  76  6:55  Overlord x4  
  76  7:13  Queen  
  78  7:26  Zerg Ground Armor Level 1  
  78  7:28  Hydralisk x6  
  90  7:45  Drone x13  
  103  8:00  Overlord  
  103  8:01  Overlord x2  
  103  8:05  Zerg Missile Weapons Level 2  
  103  8:17  Hydralisk  
  103  8:19  Hydralisk x5  
  105  8:20  Hydralisk  
  105  8:21  Hydralisk  
  105  8:24  Hydralisk  
  121  8:36  Extractor  
  121  8:39  Extractor, Drone x3  
  122  8:41  Drone  
  122  8:42  Drone x2  
  125  8:51  Hydralisk x2  
  125  8:55  Overlord x3  
  129  9:15  Drone x4  
  133  9:19  Hydralisk x9  
  151  9:34  Infestation Pit  
  151  9:35  Zerg Ground Armor Level 2  
  150  9:55  Hydralisk x2  
  150  9:59  Overlord x6  
  154  10:15  Hatchery  
  154  10:20  Hydralisk x2  
  154  10:21  Hydralisk  
  157  10:22  Roach x7  
  125  11:13  Hydralisk x9  
Tags
 
Add a new tag
Caveats
  • Supply blocks, unpowered buildings, or Contaminate may cause inaccurate times.
  • Supply counts are checked every 10 seconds.